 Dungeon Crawl Stone Soup version 0.29-a0-664-gff9cad4a3d (webtiles) character file.

Game seed: 11777980439590872479

536 ZappyNine the Sneak (level 7, -4/38 HPs)
             Began as a Vine Stalker Brigand on June 22, 2022.
             Slain by an ice beast (7 damage)
             ... on level 4 of the Dungeon.
             The game lasted 00:04:46 (3313 turns).

ZappyNine the Sneak (Vine Stalker Brigand)          Turns: 3313, Time: 00:04:47

Health: -4/38      AC:  9    Str: 16    XL:     7   Next: 25%
Magic:  0/8        EV: 10    Int: 11    God:
Gold:   236        SH:  0    Dex: 15    Spells: 6/6 levels left

rFire   . . .      SeeInvis .   y - +0 dagger (protect)
rCold   . . .      Faith    .   (no shield)
rNeg    . . .      Spirit   +   w - +0 ring mail
rPois   .          Reflect  .   g - +0 helmet
rElec   .          Harm     .   k - +1 cloak
rCorr   .          Rampage  .   (no gloves)
Will    .....                   u - +0 pair of boots
Stlth   ++........              p - amulet of magic regeneration
HPRegen 0.92/turn               (no ring)
MPRegen 0.51/turn               (no ring)

@: mighty
A: fangs 2, regeneration 1, magic shield, antimagic bite, no potion heal 2
a: no special abilities


You were on level 4 of the Dungeon.
You visited 1 branch of the dungeon, and saw 4 of its levels.

You collected 236 gold pieces.

Inventory:

Hand Weapons
 a - a +2 dagger
 y - a +0 dagger of protection (weapon)
Missiles
 d - 18 poisoned darts
 e - 2 curare-tipped darts (quivered)
Armour
 b - a +0 robe
 g - a +0 helmet (worn)
 k - a +1 cloak (worn)
 s - a +0 leather armour
 u - a +0 pair of boots (worn)
 w - a +0 ring mail (worn)
Jewellery
 p - an amulet of magic regeneration (around neck)
Wands
 z - a wand of acid (6)
Scrolls
 c - a scroll of magic mapping {unknown}
 f - 6 scrolls of immolation {unknown}
 h - a scroll of fog {unknown}
 i - a scroll of enchant armour {unknown}
 j - a scroll of noise {unknown}
 l - a scroll of vulnerability {unknown}
 n - a scroll of fear {unknown}
 q - 3 scrolls of identify {unknown}
 r - 2 scrolls of teleportation {unknown}
 t - a scroll of blinking {unknown}
Potions
 m - 2 potions of degeneration {unknown}
 o - a potion of mutation {unknown}
 v - a potion of might
 x - a potion of heal wounds {unknown}


   Skills:
 * Level 4.5 Fighting
 * Level 4.6 Short Blades
 - Level 1.8 Throwing
 + Level 2.4 Armour
 - Level 0.8 Dodging
 - Level 4.8 Stealth


You had 6 spell levels left.
You didn't know any spells.
Your spell library contained the following spells:

 Spells                   Type           Power      Damage    Failure   Level
 Foxfire                  Conj/Fire      0%         2x1d4     54%         1
 Necrotize                Necr           0%         1d4       54%         1
 Summon Small Mammal      Summ           0%         N/A       54%         1
 Chain Lightning          Conj/Air       0%         N/A       100%        9
 Fire Storm               Conj/Fire      0%         5d1       100%        9
 Shatter                  Erth           0%         3d5*      100%        9


Dungeon Overview and Level Annotations

Branches:
Dungeon (4/15)
 Temple: D:4-7

Altars:
Makhleb
Qazlal

Annotations:
D:2 1 runed translucent door, Crazy Yiuf


Innate Abilities, Weirdness & Mutations

You have extremely sharp teeth.
Your natural rate of healing is unusually fast.
When hurt, damage is shared between your health and your magic reserves.
Your bite disrupts and absorbs the magic of your enemies.
Potions cannot restore your health.


Message History

The ice beast hits you but does no damage.
You hit the ice beast but do no damage.
The ice beast is severely wounded.
The ice beast hits you. The ice beast freezes you!
You hit the ice beast. Your bite misses the ice beast.
The ice beast is severely wounded.
You closely miss the ice beast. You bite the ice beast. You drain its power.
You feel invigorated.
The ice beast is almost dead.
The ice beast hits you. The ice beast freezes you!
* * * LOW HITPOINT WARNING * * *
You closely miss the ice beast.
The ice beast is almost dead.
The ice beast closely misses you.
You barely miss the ice beast.
You bite the ice beast, but do no damage.
The ice beast is almost dead.
The ice beast hits you but does no damage.
Unknown command.
Throw: 3 darts (curare)
Press: ? - help, Q - select action, (/) - cycle Shift-Dir - straight line, f - ice beast
Aim: an ice beast (almost dead, 60% to hit)
You throw a curare-tipped dart.
The curare-tipped dart hits the ice beast.
The ice beast is almost dead.
The ice beast hits you.
* * * LOW HITPOINT WARNING * * *
The ice beast freezes you!
* * * LOW HITPOINT WARNING * * *
Unknown command.
Unknown command.
The ice beast attacks as you move away!
The ice beast hits you but does no damage.
Okay, then.
It was a potion of might.
You feel very mighty all of a sudden. The ice beast hits you.
* * * LOW HITPOINT WARNING * * *
The ice beast freezes you!
You die...

#.............#..
#.............#..
#.............#..
######.............#..
#......#####.......#..
#......# #.......#..
#......# #.......#..
#......# #.......#..
#....@.# #.......#..
#....Y.# #.......#..
#......# #.......'..
#......# #.......#..
#....(.# #.......#..
#......# #.......#..
#..<...# #.......#..
#......# #.......#..
#......# #.......#..


You could see an ice beast.

Vanquished Creatures
  Sigmund (D:3)
  A phantom (D:4)
  2 hounds
  Ijyb (D:3)
  Natasha (twice) (D:2)
  4 gnolls (D:2)
  3 adders (D:2)
  3 worms
  3 dart slugs
  6 orcs
  13 endoplasms
  5 goblins
  4 hobgoblins
  5 jackals
  12 kobolds
  7 quokkas
  8 ball pythons
  9 bats
  4 frilled lizards (D:1)
  3 rats
96 creatures vanquished.

Notes
Turn   | Place    | Note
-------+----------+-------------------------------------------
     0 | D:1      | ZappyNine the Vine Stalker Brigand began the quest for the
                  | Orb.
     0 | D:1      | Reached XP level 1. HP: 11/11 MP: 2/2
   200 | D:1      | Reached XP level 2. HP: 9/15 MP: 1/3
   719 | D:1      | Reached XP level 3. HP: 19/19 MP: 4/4
  1087 | D:2      | Reached skill level 1 in Armour
  1115 | D:2      | Gained mutation: Your natural rate of healing is unusually
                  | fast. [Vine Stalker growth]
  1115 | D:2      | Reached XP level 4. HP: 11/23 MP: 5/5
  1230 | D:2      | Got An Introduction to the Arcane Arts
  1515 | D:2      | Noticed Natasha
  1539 | D:2      | Killed Natasha
  1549 | D:2      | Reached XP level 5. HP: 28/28 MP: 6/6
  1784 | D:2      | Found a runed translucent door.
  1785 | D:2      | Noticed Crazy Yiuf
  1847 | D:2      | Noticed Natasha
  1863 | D:2      | Killed Natasha
  1975 | D:3      | Noticed Ijyb
  2035 | D:3      | Killed Ijyb
  2307 | D:3      | Noticed Sigmund
  2311 | D:3      | Killed Sigmund
  2312 | D:3      | Reached XP level 6. HP: 33/33 MP: 7/7
  2784 | D:4      | Found a stormy altar of Qazlal.
  2860 | D:4      | Reached XP level 7. HP: 37/37 MP: 6/8
  2978 | D:4      | Found a burning altar of Makhleb.
  2978 | D:4      | Noticed a blizzard demon
  2981 | D:4      | Noticed a hellwing
  2981 | D:4      | Noticed a ynoxinul
  3309 | D:4      | HP: 1/38 [ice beast (8)]
  3313 | D:4      | Slain by an ice beast

Illustrated notes

Levels and vault maps discovered:
D:1:      elethiomel_arrival_maze, layout_basic, minmay_heptomino_w4
D:2:      layout_rooms, uniq_crazy_yiuf_cottage, uniq_natasha
D:3:      layout_loops_ring, uniq_ijyb, uniq_sigmund
D:4:      minmay_evil_eye, layout_gridville, grunt_qazlal_sundering,
          makhleb_altar_promises_db, chequers_garden

Skill      XL: |  1  2  3  4  5 |
---------------+----------------+-----
Fighting       | 2 3 4 |  4.5
Short Blades   | 2 3 4 |  4.6
Armour         | 1 2 |  2.4
Throwing       | |  1.8
Dodging        | |  0.8
Stealth        | |  4.8

Action                   |  1- 3 |  4- 6 |  7- 9 || total
-------------------------+-------+-------+-------++-------
Melee: Dagger            |    81 |   170 |    98 ||   349
       Bite              |    20 |    34 |    36 ||    90
       Punch             |       |     1 |     1 ||     2
Throw: Dart              |       |     9 |     1 ||    10
  Use: Potion            |       |     2 |     1 ||     3
 Stab: Sleeping          |     8 |    11 |     1 ||    20
       Distracted        |     2 |       |       ||     2
Armor: Robe              |    22 |     2 |       ||    24
       Skin              |       |    40 |       ||    40
       Leather armour    |       |    28 |       ||    28
       Ring mail         |       |     7 |    45 ||    52
Dodge: Dodged            |    50 |    73 |    30 ||   153

Table legend: (Time is in decaauts)
 A = Elapsed time spent in this place.
 B = Non-inter-level travel time spent in this place.
 C = Inter-level travel time spent in this place.
 D = Time resting spent in this place.
 E = Time spent auto-exploring this place.
 F = Levels seen in this place.
 G = Mean time per level.
                   A        B        C        D        E       F      G
               +--------+--------+--------+--------+--------+-----+--------+
         Total |   3260 |   3057 |    203 |    373 |   1809 |   4 |  815.0 |
       Dungeon |   3260 |   3057 |    203 |    373 |   1809 |   4 |  815.0 |
               +--------+--------+--------+--------+--------+-----+--------+

Top non-repeatable levels by time:
     D:1: 1100 daAuts
     D:2: 893 daAuts
     D:3: 761 daAuts
     D:4: 504 daAuts
